 Dungeon Crawl Stone Soup version 0.20-a0-681-gf83e07f (webtiles) character file.

18271 polly the Grappler (level 12, 0/83 HPs)
             Began as a Demonspawn Gladiator on Feb 18, 2017.
             Was a High Priest of Yredelemnul.
             Slain by a seven-headed hydra (1 damage)
             ... on level 13 of the Dungeon.
             The game lasted 00:27:11 (14139 turns).

polly the Grappler (Demonspawn Gladiator)          Turns: 14139, Time: 00:27:12

Health: 0/83       AC: 13    Str: 32    XL:     12   Next: 26%
Magic:  12/12      EV: 12    Int: 22    God:    Yredelemnul [*****.]
Gold:   526        SH: 14    Dex: 15    Spells: 11/11 levels left

rFire    . . .     SeeInvis +     - Unarmed
rCold    . . .     Gourm    .   a - +1 chain mail of Anyf {*Slow rElec rN+ Int+8}
rNeg     + . .     Faith    .   x - +2 shield of Noughts and Crosses {Int+4 Stlth+}
rPois    +         Spirit   .   (helmet restricted)
rElec    +         Reflect  .   k - +1 cloak {MR+}
rCorr    .         Harm     .   (gloves unavailable)
MR       +....     NoTele   +   (no boots)
Stlth    +.........             I - amulet of rage
Regen    0.3/turn               H - ring "Robesytt" {-Tele rElec rPois Str+7 SInv}
MPRegen  0.2/turn               r - +4 ring of strength

@: slowed, very slow
A: antennae 1, claws 3, repulsion field 2, nightstalker 1, strong 1
a: Recall Undead Slaves, Injury Mirror, Animate Dead, Drain Life, Enslave Soul,
Renounce Religion, Evoke Berserk Rage


You were on level 13 of the Dungeon.
You worshipped Yredelemnul.
Yredelemnul was extremely pleased with you.
You were near starving.

You visited 3 branches of the dungeon, and saw 15 of its levels.
You also visited: Ossuary and Bailey.

You collected 1038 gold pieces.
You spent 512 gold pieces at shops.

Inventory:

Armour
 a - the +1 chain mail of Anyf (worn) {*Slow rElec rN+ Int+8}
   (You bought it in a shop on level 5 of the Dungeon)

   It affects your intelligence (+8).
   It insulates you from electricity.
   It protects you from negative energy.
   It may slow you when you take damage.
 c - a +0 helmet
 k - a +1 cloak of magic resistance (worn)
 x - the +2 shield of Noughts and Crosses (worn) {Int+4 Stlth+}
   (You bought it in a shop on level 5 of the Dungeon)

   It affects your intelligence (+4).
   It makes you more stealthy.
Jewellery
 r - a +4 ring of strength (left claw)
 F - an uncursed ring of resist corrosion
 H - the ring "Robesytt" (right claw) {-Tele rElec rPois Str+7 SInv}
   (You found it on level 7 of the Dungeon)

   [ring of see invisible]

   It affects your strength (+7).
   It insulates you from electricity.
   It protects you from poison.
   It lets you see invisible.
   It prevents most forms of teleportation.
 I - an amulet of rage (around neck)
Wands
 s - a wand of lightning (6/15)
 N - a wand of polymorph (13/24)
 O - a wand of lightning (7/15)
 R - a wand of lightning (7/15)
Scrolls
 b - 2 scrolls of silence {unknown}
 e - 4 scrolls of blinking
 g - 8 scrolls of remove curse {unknown}
 h - 2 scrolls of noise {unknown}
 i - 8 scrolls of teleportation
 l - 2 scrolls of magic mapping {unknown}
 u - 2 scrolls of fog {unknown}
 v - 6 scrolls of immolation {unknown}
 w - 4 scrolls of enchant armour {unknown}
 y - 2 scrolls of fear {unknown}
 A - 2 scrolls of amnesia {unknown}
 B - 2 scrolls of recharging {unknown}
 D - 3 scrolls of enchant weapon {unknown}
 G - a scroll of random uselessness {unknown}
 K - a scroll of torment {unknown}
 M - a scroll of acquirement {unknown}
Potions
 d - a potion of experience
 m - 2 potions of haste
 n - a potion of ambrosia
 t - 2 potions of curing
 z - 3 potions of brilliance
 C - 2 potions of resistance
 E - 3 potions of magic
 L - a potion of might
Books
 J - a book of Geomancy

   Spells                             Type                      Level
   a - Sandblast                      Earth                        1
   b - Passwall                       Transmutation/Earth          2
   c - Stone Arrow                    Conjuration/Earth            3
   d - Petrify                        Transmutation/Earth          4
   e - Lee's Rapid Deconstruction     Earth                        5
Comestibles
 f - 10 bread rations
 j - 7 royal jellies
 o - 5 meat rations
 q - 6 fruits


   Skills:
 + Level 4.2 Fighting
   Level 3.0 Long Blades
 + Level 2.0 Throwing
 + Level 6.5 Armour
 + Level 4.1 Dodging
 + Level 3.0 Stealth
 + Level 6.1 Shields
 * Level 14.5 Unarmed Combat


You had 11 spell levels left.
You didn't know any spells.

Dungeon Overview and Level Annotations

Branches:
Dungeon (13/15)            Temple (1/1) D:7            Lair (1/6) D:10
    Orc (0/2) D:12
 Vaults: D:13-14

Altars:
Ashenzari
Dithmenos
Fedhas
Hepliaklqana
Nemelex Xobeh
Okawaru
Qazlal
Ru
Sif Muna
Vehumet
Yredelemnul
Zin
The Shining One

Shops:
D:5 ?}(*[


Innate Abilities, Weirdness & Mutations

You have claws for hands.
You are surrounded by a moderate repulsion field. (EV +3)
You are slightly more attuned to the shadows.
You have a pair of small antennae on your head.
Your muscles are strong. (Str +2)


Message History

* * * LOW HITPOINT WARNING * * *
The seven-headed hydra bites you but does no damage.
The seven-headed hydra closely misses you.
The seven-headed hydra bites you.
* * * LOW HITPOINT WARNING * * *
You block the seven-headed hydra's attack. x2
The seven-headed hydra closely misses you.
The seven-headed hydra barely misses you.
You see here a halberd.
Unknown command.
The seven-headed hydra bites you but does no damage.
The seven-headed hydra misses you. The seven-headed hydra bites you!
* * * LOW HITPOINT WARNING * * *
The seven-headed hydra barely misses you.
The seven-headed hydra bites you.
* * * LOW HITPOINT WARNING * * *
You block the seven-headed hydra's attack.
The seven-headed hydra bites you.
You die...
Your body rises from the dead as a mindless zombie.

## ### <#
###<#######
.#
#.).......#
.#
#D#.####.##
.# #@#.#
#.# .#
#.#.####.#
.#
#.#!...D.#
.#
#.########
.# #.. .#
### .#


You could see a seven-headed hydra.

Vanquished Creatures
  An orc warlord (Bailey)
  A hydra (D:12)
  Erica (D:8)
  2 two-headed ogres (D:9)
  Nergalle (D:12)
  An unseen horror (D:12)
  Pikel (D:8)
  A manticore (D:11)
  A cyclops (D:12)
  A gargoyle (D:12)
  2 centaur skeletons
  A komodo dragon (D:11)
  Prince Ribbit (D:7)
  A hippogriff (D:12)
  4 yaks
  A spriggan (D:9)
  3 wyverns
  2 hungry ghosts (D:12)
  A basilisk (D:10)
  2 vampire mosquitoes (D:12)
  Menkaure (D:6)
  Edmund (D:4)
  An acid dragon (D:10)
  2 sky beasts
  17 orc warriors
  4 ice beasts
  A phantom (D:10)
  A necrophage (D:10)
  A crocodile (D:10)
  9 ogres
  2 centaurs
  A big kobold (D:11)
  3 bullfrogs
  A gnoll sergeant (D:7)
  A wyvern skeleton (D:9)
  11 scorpions
  3 wights (D:12)
  3 howler monkeys
  3 centaur zombies
  5 crimson imps
  A bullfrog zombie (D:7)
  6 hounds
  3 human zombies (Ossuary)
  2 jellies
  A quasit (D:11)
  7 orc priests
  Crazy Yiuf (D:7)
  Jessica (D:2)
  Terence (D:2)
  2 iguanas
  3 orc wizards
  5 worker ants
  A killer bee zombie (D:5)
  4 big kobold zombies (Ossuary)
  5 ogre zombies (D:12)
  A hound zombie (D:9)
  A hound skeleton (D:4)
  3 mummies (Ossuary)
  10 adders
  A howler monkey skeleton (D:11)
  4 scorpion zombies (Ossuary)
  21 gnolls
  3 shadow imps
  An ooze (D:5)
  An adder skeleton (D:5)
  An adder zombie (D:10)
  7 worms
  4 dart slugs
  3 leopard geckos
  34 orcs
  6 ball pythons
  5 giant cockroaches
  A gnoll zombie (Ossuary)
  17 goblins
  21 hobgoblins
  16 jackals
  17 kobolds
  4 quokkas
  3 bats
  4 frilled lizards
  6 goblin zombies
  A hobgoblin skeleton (D:12)
  4 hobgoblin zombies
  A jackal zombie (D:9)
  2 leopard gecko skeletons (D:5)
  An orc skeleton (D:12)
  7 orc zombies
  9 rats
  A spectral orc (D:2)
364 creatures vanquished.

Vanquished Creatures (collateral kills)
  Harold (D:11)
  Erolcha (D:11)
  A cyclops (D:11)
  A hippogriff (D:11)
  A yak (D:11)
  A wraith (D:12)
  A vampire (D:12)
  3 orc warriors (Bailey)
  An ice beast (D:9)
  A black bear (D:10)
  A phantom (D:12)
  A crocodile (D:10)
  A scorpion (D:12)
  A wight (D:12)
  A hound (D:12)
  A worker ant (D:10)
  An ogre zombie (D:12)
  8 orcs
  3 goblins (Bailey)
  4 hobgoblins (Bailey)
  2 goblin zombies (D:12)
  A hobgoblin skeleton (D:12)
  A hobgoblin zombie (D:12)
  2 orc zombies (D:12)
40 creatures vanquished.

Vanquished Creatures (others)
  11 flying skulls
  A wraith (D:12)
  An ogre (D:8)
  A scorpion (Ossuary)
  A centaur zombie (Ossuary)
15 creatures vanquished.

Grand Total: 419 creatures vanquished

Notes
Turn   | Place    | Note
-------+----------+-------------------------------------------
     0 | D:1      | polly the Demonspawn Gladiator began the quest for the Orb.
     0 | D:1      | Reached XP level 1. HP: 16/16 MP: 1/1
    41 | D:1      | Gained mutation: You have sharp fingernails. [demonic ancestry]
    41 | D:1      | Reached XP level 2. HP: 20/22 MP: 2/2
   680 | D:1      | Reached XP level 3. HP: 24/27 MP: 3/3
   735 | D:1      | Reached skill level 1 in Unarmed Combat
   987 | D:2      | Noticed Terence
  1017 | D:2      | Killed Terence
  1020 | D:2      | Reached skill level 2 in Unarmed Combat
  1020 | D:2      | Gained mutation: You have very sharp fingernails. [demonic ancestry]
  1020 | D:2      | Reached XP level 4. HP: 8/33 MP: 4/4
  1328 | D:2      | Found a basalt altar of Yredelemnul.
  1359 | D:2      | Noticed Jessica
  1377 | D:2      | Killed Jessica
  1377 | D:2      | Reached skill level 1 in Armour
  1418 | D:2      | Became a worshipper of Yredelemnul the Dark
  1910 | D:3      | Reached XP level 5. HP: 38/38 MP: 5/5
  1927 | D:3      | Found a radiant altar of Vehumet.
  1983 | D:3      | Reached skill level 3 in Unarmed Combat
  1992 | D:3      | Found a blossoming altar of Fedhas.
  2038 | D:3      | Found a sacrificial altar of Ru.
  2069 | D:3      | Reached * piety under Yredelemnul
  2070 | D:3      | Found a deep blue altar of Sif Muna.
  2900 | D:4      | Found a glowing golden altar of the Shining One.
  2900 | D:4      | Noticed Edmund
  2913 | D:4      | Reached skill level 4 in Unarmed Combat
  2913 | D:4      | Gained mutation: You are surrounded by a mild repulsion field. (EV +2) [demonic ancestry]
  2913 | D:4      | Reached XP level 6. HP: 33/44 MP: 6/6
  2943 | D:4      | Killed Edmund
  3180 | D:4      | Reached skill level 5 in Unarmed Combat
  3211 | D:4      | Found an iron altar of Okawaru.
  3304 | D:4      | Gained mutation: You have claws for hands. [demonic ancestry]
  3304 | D:4      | Reached XP level 7. HP: 31/51 MP: 7/7
  3477 | D:4      | Found a shattered altar of Ashenzari.
  3723 | D:4      | Found a hazy altar of Hepliaklqana.
  3724 | D:4      | Found a stormy altar of Qazlal.
  3724 | D:4      | Found a shadowy altar of Dithmenos.
  3725 | D:4      | Found a sparkling altar of Nemelex Xobeh.
  3751 | D:4      | Reached skill level 1 in Stealth
  3943 | D:5      | Entered Level 5 of the Dungeon
  3943 | D:5      | Found Zoewolo's Antique Weapon Emporium.
  3976 | D:4      | Reached skill level 6 in Unarmed Combat
  3981 | D:4      | Reached ** piety under Yredelemnul
  4265 | D:5      | Found Hakkufeph's Magic Scroll Shoppe.
  4336 | D:5      | Gained mutation: You are surrounded by a moderate repulsion field. (EV +3) [demonic ancestry]
  4336 | D:5      | Reached XP level 8. HP: 40/57 MP: 8/8
  4350 | D:5      | Found Lusuc's Assorted Antiques.
  4503 | D:5      | Found a glowing silver altar of Zin.
  4667 | D:5      | Found Difrargh's Gadget Shoppe.
  4874 | D:5      | Reached skill level 7 in Unarmed Combat
  4913 | D:5      | Found Somaqasm's Antique Armour Shoppe.
  4923 | D:5      | Bought a brightly glowing shield for 256 gold pieces
  4928 | D:5      | Identified the +2 shield of Noughts and Crosses {Int+4 Stlth+} (You bought it in a shop on level 5 of the Dungeon)
  5163 | D:6      | Found a sand-covered staircase.
  5225 | Ossuary  | Entered an ossuary
  5680 | Ossuary  | Reached skill level 8 in Unarmed Combat
  5693 | Ossuary  | Reached *** piety under Yredelemnul
  5864 | Ossuary  | Reached skill level 1 in Shields
  5986 | D:6      | Noticed Menkaure
  6005 | D:6      | Killed Menkaure
  6005 | D:6      | Reached skill level 9 in Unarmed Combat
  6005 | D:6      | Reached XP level 9. HP: 38/64 MP: 9/9
  6604 | D:7      | Got a scintillating ivory ring
  6661 | D:7      | Noticed Prince Ribbit
  6674 | D:7      | Killed Prince Ribbit
  6785 | D:7      | Found a staircase to the Ecumenical Temple.
  6906 | D:7      | Identified the ring "Robesytt" {-Tele rElec rPois Str+7 SInv} (You found it on level 7 of the Dungeon)
  6932 | D:7      | Reached **** piety under Yredelemnul
  7182 | D:7      | Found a runed door.
  7186 | D:7      | Noticed Crazy Yiuf
  7190 | D:7      | Killed Crazy Yiuf
  7245 | D:7      | Reached skill level 10 in Unarmed Combat
  7279 | D:8      | Noticed Pikel
  7288 | D:8      | Killed Pikel
  7544 | D:8      | Noticed Erica
  7555 | D:8      | Killed Erica
  7555 | D:8      | Reached XP level 10. HP: 41/71 MP: 10/10
  7763 | D:8      | Reached skill level 11 in Unarmed Combat
  8362 | D:9      | Noticed a two-headed ogre
  8370 | D:9      | Killed a two-headed ogre
  8383 | D:9      | Noticed a two-headed ogre
  8392 | D:9      | Killed a two-headed ogre
  8392 | D:9      | Reached skill level 5 in Armour
  8676 | D:9      | Found a flagged portal.
  8692 | Bailey   | Entered a bailey
  8775 | Bailey   | Reached skill level 12 in Unarmed Combat
  8815 | Bailey   | Received a gift from Yredelemnul (5 flying skulls)
  9387 | Bailey   | Noticed an orc warlord
  9460 | Bailey   | Received a gift from Yredelemnul (3 flying skulls)
  9472 | Bailey   | Killed an orc warlord
  9472 | Bailey   | Reached XP level 11. HP: 40/76 MP: 11/11
  9858 | Bailey   | Gained mutation: You are clumsy. (Dex -2) [potion of mutation]
  9858 | Bailey   | Gained mutation: You are covered in fur. (AC +1) [potion of mutation]
  9858 | Bailey   | Gained mutation: You have sharp toenails. [potion of mutation]
  9859 | Bailey   | Lost mutation: You are clumsy. (Dex -2) [potion of mutation]
  9859 | Bailey   | Lost mutation: You have sharp toenails. [potion of mutation]
  9859 | Bailey   | Gained mutation: Scrolls take you a little longer to read. [potion of mutation]
  9859 | Bailey   | Gained mutation: You are agile. (Dex +2) [potion of mutation]
  9859 | Bailey   | Gained mutation: Your mind is acute. (Int +2) [potion of mutation]
  9860 | Bailey   | Lost mutation: You are covered in fur. (AC +1) [potion of mutation]
  9860 | Bailey   | Lost mutation: You are agile. (Dex +2) [potion of mutation]
  9860 | Bailey   | Lost mutation: Your mind is acute. (Int +2) [potion of mutation]
  9860 | Bailey   | Lost mutation: Scrolls take you a little longer to read. [potion of mutation]
  9860 | Bailey   | Gained mutation: You have a pair of small antennae on your head. [potion of mutation]
  9860 | Bailey   | Gained mutation: Your muscles are strong. (Str +2) [potion of mutation]
 10036 | D:5      | Bought a heavily runed chain mail for 256 gold pieces
 10046 | D:5      | Identified the +1 chain mail of Anyf {*Slow rElec rN+ Int+8} (You bought it in a shop on level 5 of the Dungeon)
 10150 | Temple   | Entered the Ecumenical Temple
 10271 | D:9      | Received a gift from Yredelemnul (4 flying skulls)
 10556 | D:10     | Entered Level 10 of the Dungeon
 10635 | D:10     | Reached skill level 13 in Unarmed Combat
 11182 | D:10     | Reached ***** piety under Yredelemnul
 11185 | D:10     | Found a staircase to the Lair.
 11247 | Lair:1   | Entered Level 1 of the Lair of Beasts
 11358 | D:11     | Received a gift from Yredelemnul (a wraith)
 11653 | D:11     | Noticed Harold
 11664 | D:11     | Reached skill level 5 in Shields
 11671 | D:11     | Killed Harold
 12035 | D:11     | Noticed Erolcha
 12039 | D:11     | Killed Erolcha
 12260 | D:12     | Reached skill level 14 in Unarmed Combat
 12273 | D:12     | Noticed an unseen horror
 12293 | D:12     | Killed an unseen horror
 12349 | D:12     | Gained mutation: You are slightly more attuned to the shadows. [demonic ancestry]
 12349 | D:12     | Reached XP level 12. HP: 75/83 MP: 12/12
 12360 | D:12     | Found a staircase to the Orcish Mines.
 12632 | D:12     | Noticed Nergalle
 12646 | D:12     | Killed Nergalle
 13307 | D:13     | Noticed a six-headed hydra
 13327 | D:13     | HP: 4/83 [ten-headed hydra (8)]
 13356 | D:13     | Noticed a four-headed hydra
 13406 | D:12     | HP: 1/83 [gargoyle/stone arrow (17)]
 13965 | D:12     | Killed a 16-headed hydra
 14139 | D:13     | HP: 1/83 [seven-headed hydra (5)]
 14139 | D:13     | Slain by a seven-headed hydra

Vault maps used:
D:1:      zelgadis_glass_arrival_small, minmay_tromino_i2
D:2:      yredelemnul_forgotten_temple_becter, first_bread, uniq_jessica,
          uniq_terence
D:3:      fedhas_altar_fruit_tree, old_standard_altar,
          nicolae_overflow_crystal_walls, overflow_temple_1_default
D:4:      kennysheep_mini_moat, old_standard_altar,
          chequers_temple_overflow_statue_of_worship, okawaru_gym_becter,
          uniq_edmund
D:5:      old_standard_altar, serial_shops, shop,
          nicolae_shop_overgrown_old_shop, nicolae_shop_window_shopping, shop,
          shop
D:6:      nicolae_ossuary_entry_ruins, gup_sewer_entry_bowl, uniq_menkaure
D:7:      minmay_temple_entry_trees, uniq_prince_ribbit1,
          uniq_crazy_yiuf_cottage
D:8:      uniq_pikel, uniq_erica
D:9:      enter_bailey_7, minivault_11, the_bakery
D:10:     erik_lair_dragon
D:11:     uniq_harold, uniq_erolcha
D:12:     zombieorc1_lemuel, uniq_nergalle
D:13:     lemuel_ogre_cave, david_vaults_2, kennysheep_generic_room_10
Temple:   kb_corrupted_temple
Lair:1:   basic_altar, serial_bayou_shore_a
Ossuary:  ossuary_minmay_scorpions
Bailey:   bailey_axe_minmay_hex_keep, bailey

Skill      XL: |  1  2  3  4  5  6  7  8  9 10 11 12 |
---------------+-------------------------------------+-----
Long Blades    | 3 |  3.0
Dodging        | 3 4 |  4.1
Unarmed Combat | 2 4 5 6 9 10 12 14 | 14.5
Armour         | 1 2 3 4 5 6 |  6.5
Throwing       | 2 |  2.0
Stealth        | 1 2 3 |  3.0
Fighting       | 3 4 |  4.2
Shields        | 1 3 4 5 6 |  6.1

Action                   |  1- 3 |  4- 6 |  7- 9 | 10-12 || total
-------------------------+-------+-------+-------+-------++-------
Melee: Long sword        |    15 |       |       |       ||    15
       Unarmed           |   135 |   200 |   365 |   523 ||  1223
       Punch             |     1 |     2 |     3 |       ||     6
Throw: Throwing net      |       |     2 |     2 |     2 ||     6
Evoke: Wand              |       |       |       |     2 ||     2
  Use: Potion            |     3 |     1 |     3 |    12 ||    19
       Scroll            |       |       |       |    11 ||    11
 Stab: Held in net/web   |       |     2 |     1 |     1 ||     4
       Sleeping          |       |       |     2 |       ||     2
       Invisible         |       |       |       |     5 ||     5
       Distracted        |       |       |       |     2 ||     2
  Eat: Chunk             |       |     8 |    12 |    19 ||    39
       Fruit             |       |       |     1 |       ||     1
       Royal jelly       |       |       |       |     1 ||     1
Armor: Leather armour    |     2 |       |       |       ||     2
       Scale mail        |    57 |    59 |    73 |       ||   189
       Plate armour      |       |       |     5 |    55 ||    60
       Chain mail        |       |       |       |    88 ||    88
Dodge: Dodged            |    94 |    92 |   178 |   168 ||   532
Block: Shield            |       |       |   122 |   281 ||   403
       Rpst.: Long sword |    11 |       |       |       ||    11
